 Dungeon Crawl Stone Soup version 0.28.0-45-g0d030f2227 (webtiles) character file.

Game seed: 6544310473422386481

124 protoss039 the Magician (level 4, -1/24 HPs)
             Began as a Deep Elf Air Elementalist on Apr 1, 2022.
             Killed by their own static electricity (2 damage)
             ... on level 2 of the Dungeon.
             The game lasted 00:03:57 (2752 turns).

protoss039 the Magician (Deep Elf Air Elementalist) Turns: 2752, Time: 00:03:57

Health: -1/24      AC:  2    Str:  5    XL:     4   Next: 81%
Magic:  1/12       EV: 13    Int: 22    God:
Gold:   100        SH:  0    Dex: 15    Spells: 5/11 levels left

rFire   . . .      SeeInvis .   b - +0 short sword
rCold   . . .      Faith    .   (no shield)
rNeg    . . .      Spirit   .   a - +0 robe
rPois   .          Reflect  .   (no helmet)
rElec   .          Harm     .   (no cloak)
rCorr   .          Rampage  .   (no gloves)
Will    .....                   (no boots)
Stlth   ++........              (no amulet)
HPRegen 0.08/turn               (no ring)
MPRegen 0.13/turn               (no ring)

@: no status effects
A: no striking features
a: no special abilities


You were on level 2 of the Dungeon.
You visited 1 branch of the dungeon, and saw 2 of its levels.

You collected 100 gold pieces.

Inventory:

Hand Weapons
 b - a +0 short sword (weapon)
Armour
 a - a +0 robe (worn)
Scrolls
 c - a scroll of fear {unknown}
 d - a scroll of torment {unknown}
 f - 2 scrolls of teleportation {unknown}
 g - 3 scrolls of identify {unknown}
Potions
 e - a potion of brilliance {unknown}


   Skills:
 - Level 3.0 Dodging
 - Level 3.0 Stealth
 + Level 4.2 Spellcasting
 + Level 2.2 Conjurations
 + Level 4.2 Air Magic


You had 5 spell levels left.
You knew the following spells:

 Your Spells              Type           Power      Damage    Failure   Level
a - Shock                 Conj/Air       76%        1d7       3%          1
b - Static Discharge      Conj/Air       19%        N/A       4%          2
c - Swiftness             Air            23%        N/A       6%          3

Your spell library contained the following spells:

 Spells                   Type           Power      Damage    Failure   Level
 Apportation              Tloc           8%         N/A       11%         1
 Airstrike                Air            11%        N/A       19%         4
 Alistair's Intoxication  Tmut/Pois      2%         N/A       97%         5


Dungeon Overview and Level Annotations

Branches:
Dungeon (2/15)

Altars:
Nemelex Xobeh

Shops:
D:1 :*=


Message History

The adder is struck by an arc of lightning!
You kill the adder!
You are struck by an arc of lightning.
The lightning grounds out.
Natasha casts a spell at you. The magic dart hits you!
* * * LOW HITPOINT WARNING * * *
Your Spellcasting skill increases to level 4!
Your Conjurations skill increases to level 2!
Unknown command.
Unknown command.
Casting: Static Discharge (safe; 4% risk of failure)
Confirm with . or Enter, or press ? or * to list all spells.
Natasha is struck by an arc of lightning.
Natasha is almost dead.
The shadow imp is struck by an arc of lightning.
The shadow imp is moderately wounded.
The lightning grounds out.
The kobold closely misses you.
A worm comes into view.
Natasha casts a spell.
Unknown command.
Casting: Static Discharge (safe; 4% risk of failure)
Confirm with . or Enter, or press ? or * to list all spells.
Natasha is struck by an arc of lightning.
You kill Natasha!
Moaning pathetically, Natasha's spirit plunges into the ground.
The shadow imp disappears in a puff of smoke!
The crimson imp disappears in a puff of smoke!
You are struck by an arc of lightning.
* * * LOW HITPOINT WARNING * * *
The lightning grounds out.
The kobold hits you with a +0 dagger.
* * * LOW HITPOINT WARNING * * *
Unknown command.
Unknown command.
Unknown command.
Casting: Static Discharge (safe; 4% risk of failure)
Confirm with . or Enter, or press ? or * to list all spells.
The kobold is struck by an arc of lightning.
You kill the kobold!
You are struck by an arc of lightning.
You die...

..### #..# #... #..w.
##.## #..# #....
#.###..# #...
#....###.##.#.## #.#.
#......#.##.#.(####.#.
#......#.##......#....
...§.#.##.##.#.#..#.
#§§##.##.##.#.#..#.
#.@#.....##...#..#.
#..#..######..#..#.
#.............#..#.
#.###########.#..## #.
#...###.......##
#.##.......PP....##
#.#......≈≈......##
#.+.....≈≈≈...P....
###....♣≈≈≈≈.P)≈.#.


You could see a worm.

Vanquished Creatures
  Natasha (D:2)
  5 adders (D:2)
  A dart slug (D:1)
  3 bats
  6 endoplasms
  2 giant cockroaches
  3 goblins
  7 hobgoblins
  4 jackals (D:1)
  6 kobolds
  6 ball pythons (D:1)
  3 frilled lizards
  7 rats
54 creatures vanquished.

Vanquished Creatures (others)
  2 plants (D:2)
2 creatures vanquished.

Grand Total: 56 creatures vanquished

Notes
Turn   | Place    | Note
-------+----------+-------------------------------------------
     0 | D:1      | protoss039 the Deep Elf Air Elementalist began the quest
                  | for the Orb.
     0 | D:1      | Reached XP level 1. HP: 10/10 MP: 6/6
   235 | D:1      | Reached XP level 2. HP: 12/15 MP: 1/8
   296 | D:1      | Found Zul Meri's General Store.
   324 | D:1      | Found Cothreocs's Book Emporium.
   634 | D:1      | Found a faded altar of an unknown god.
   879 | D:1      | Reached XP level 3. HP: 19/19 MP: 5/9
   885 | D:1      | Found Ibla's Jewellery Boutique.
   933 | D:1      | Learned a level 2 spell: Static Discharge
  1755 | D:1      | Learned a level 3 spell: Swiftness
  1756 | D:2      | Found a sparkling altar of Nemelex Xobeh.
  2239 | D:2      | Reached XP level 4. HP: 23/24 MP: 2/11
  2744 | D:2      | Noticed Natasha
  2751 | D:2      | Killed Natasha
  2751 | D:2      | HP: 1/24 [kobold/+0 dagger (3)]
  2752 | D:2      | Killed from afar by themself

Illustrated notes

Levels and vault maps discovered:
D:1:      lightli_arrival_farm, layout_loops_ring,
          chequers_ecumenical_altar_simple, serial_shops, nicolae_shop_crystal,
          nicolae_shop_stone, shop, chequers_serial_rivers_micro_c
D:2:      layout_basic, basic_altar, guppyfry_early_lair_pool, uniq_terence,
          uniq_natasha

Skill      XL: |  1  2  3  4 |
---------------+-------------+-----
Dodging        | 3 |  3.0
Stealth        | 3 |  3.0
Air Magic      | 4 |  4.2
Spellcasting   | 4 |  4.2
Conjurations   | 2 |  2.2

Action                   |  1- 3 |  4- 6 || total
-------------------------+-------+-------++-------
Melee: Short sword       |    40 |     6 ||    46
       Unarmed           |     1 |       ||     1
 Cast: Shock             |    52 |     3 ||    55
       Static Discharge  |    10 |    10 ||    20
 Stab: Sleeping          |     6 |     2 ||     8
Armor: Robe              |     8 |     1 ||     9
Dodge: Dodged            |    41 |     8 ||    49
